 Dungeon Crawl Stone Soup version 0.22-a0-422-g9628fc87f1 (webtiles) character file.

25 MirrMurr the Sneak (level 2, -1/13 HPs)
             Began as a Spriggan Enchanter on May 22, 2018.
             Killed from afar by a dart slug (6 damage)
             ... with a slug dart
             ... on level 1 of the Dungeon.
             The game lasted 00:01:48 (914 turns).

MirrMurr the Sneak (Spriggan Enchanter)              Turns: 914, Time: 00:01:48

Health: -1/13      AC:  2    Str:  4    XL:     2   Next: 82%
Magic:  2/6        EV: 18    Int: 16    God:
Gold:   67         SH:  0    Dex: 16    Spells: 3/6 levels left

rFire    . . .     SeeInvis +   a - +1 dagger
rCold    . . .     Gourm    .   (shield restricted)
rNeg     . . .     Faith    .   b - +0 robe
rPois    .         Spirit   .   (helmet restricted)
rElec    .         Reflect  .   (no cloak)
rCorr    .         Harm     .   (gloves unavailable)
MR       .....                  (boots unavailable)
Stlth    +++.......             (no amulet)
HPRegen  0.04/turn              (no ring)
MPRegen  0.10/turn              (no ring)

@: very quick
A: very small, unfitting armour, see invisible, herbivore, speed 3, slow
metabolism 2
a: no special abilities


You were on level 1 of the Dungeon.
You were not hungry.

You visited 1 branch of the dungeon, and saw 1 of its levels.

You collected 67 gold pieces.

Inventory:

Hand Weapons
 a - a +1 dagger (weapon)
Missiles
 e - 33 stones (quivered)
Armour
 b - a +0 robe (worn)
Scrolls
 c - a scroll of remove curse {unknown}
 f - a scroll of fog {unknown}
 i - a scroll of random uselessness {unknown}
Potions
 g - 3 potions of curing {unknown}
 h - a potion of brilliance {unknown}
Comestibles
 d - 2 rations


   Skills:
 + Level 2.3 Short Blades
 - Level 3.0 Dodging
 + Level 5.4 Stealth
 - Level 2.6 Spellcasting
 - Level 3.6 Hexes


You had 3 spell levels left.
You knew the following spells:

 Your Spells              Type           Power        Failure   Level  Hunger
a - Ensorcelled Hibernat  Hex/Ice        #.....       14%         2    ##.....
C - Corona                Hex            ##.....      4%          1    #......

Your spell library contained the following spells:

 Spells                   Type           Power        Failure   Level  Hunger
 Confuse                  Hex            ##......     13%         3    ###....
 Tukima's Dance           Hex            ##......     13%         3    ###....
 Dazzling Spray           Conj/Hex       #.....       28%         3    ###....


Dungeon Overview and Level Annotations

Branches:
Dungeon (1/15)

Altars:


Innate Abilities, Weirdness & Mutations

You are very small and have problems with some larger weapons.
You are too small for most types of armour.
You have supernaturally acute eyesight. (SInv)
You are a herbivore.
You cover ground extremely quickly.
You need to consume almost no food.


Message History

Confirm with . or Enter, or press ? or * to list all spells.
Aiming: Ensorcelled Hibernation (safe; 14% risk of failure)
Press: ? - help, Shift-Dir - straight line, f - leopard gecko
Aim: a leopard gecko (chance to defeat MR: 56%)
The leopard gecko looks drowsy...
You are too injured to fight recklessly!
The helpless leopard gecko fails to defend itself.
You impale the leopard gecko!!
You kill the leopard gecko!
The dart slug launches a dart at you. The slug dart misses you.
Casting: Ensorcelled Hibernation (safe; 14% risk of failure)
Confirm with . or Enter, or press ? or * to list all spells.
Aiming: Ensorcelled Hibernation (safe; 14% risk of failure)
Press: ? - help, Shift-Dir - straight line, f - dart slug
Aim: a dart slug (almost dead, chance to defeat MR: 56%)
The dart slug resists with significant effort.
The dart slug launches a dart at you. The slug dart hits you!
You die...

## .# .# # # .# .# #.
#.#..### ###.#######
........ ..........#
.###########.......#
......l...>#...†w..#
.#########.#....@..#
.# #.#.......# .##
#.#.(.....##
..########.###......#
.........#l# #......#
.........#s# #......#
.........#.# #......#
##'#######)# #......#
#.# #.# #......#


You could see a dart slug.

Vanquished Creatures
  A dart slug (D:1)
  3 leopard geckos (D:1)
  4 bats (D:1)
  A giant cockroach (D:1)
  2 goblins (D:1)
  2 hobgoblins (D:1)
  A kobold (D:1)
  4 rats (D:1)
18 creatures vanquished.

Notes
Turn   | Place    | Note
-------+----------+-------------------------------------------
     0 | D:1      | MirrMurr the Spriggan Enchanter began the quest for the Orb.
     0 | D:1      | Reached XP level 1. HP: 9/9 MP: 5/5
   148 | D:1      | Reached XP level 2. HP: 8/13 MP: 6/6
   261 | D:1      | Learned a level 2 spell: Ensorcelled Hibernation
   304 | D:1      | Reached skill level 5 in Stealth
   914 | D:1      | Killed from afar by a dart slug

Vault maps used:
D:1:      scummos_arrival_star

Skill      XL: |  1  2 |
---------------+-------+-----
Stealth        | 5 |  5.4
Short Blades   | 2 |  2.3
Dodging        | |  3.0
Spellcasting   | |  2.6
Hexes          | |  3.6

Action                   || total
-------------------------++-------
Melee: Dagger            ||    74
 Cast: Ensorcelled Hiber ||     4
 Stab: Sleeping          ||     6
Armor: Robe              ||    11
Dodge: Dodged            ||    78

Table legend:
 A = Spawn XP
 B = Non-spawn XP
 C = Spawn XP percentage of total XP
 D = Spawn monster count
 E = Non-spawn monster count
 F = Spawn count percentage of total count
 G = Total turns spent on level
                    A         B        C        D         E        F      G
               +---------+---------+-------+---------+---------+-------+---------
         Total |       0 |      36 |   0.0 |       0 |      18 |   0.0 |   914
               +---------+---------+-------+---------+---------+-------+---------
           D:1 |       0 |      36 |   0.0 |       0 |      18 |   0.0 |   914
               +---------+---------+-------+---------+---------+-------+---------
